Influenza vs Little Stars
Created - December 11, 2017 at 19:32
Goals
|
| Influenza |
1 |
2 |
2 |
5 |
| Little Stars |
1 |
0 |
1 |
2 |
|
Shots
|
| Influenza |
11 |
14 |
13 |
38 |
| Little Stars |
8 |
12 |
9 |
29 |
|
1st period
1. Little Stars , Alexander Vasyunov 7 (Jesse Joensuu 17) at 9:55
2. Influenza , Jordan Schroeder 5 (Iiro Pakarinen 3, Mathieu Carle 26) at 14:05
Penalties :
Thomas McCollum (VJB) for Slashing (Minor) at 10:52 - Paul Ladue served the penalty
2nd period
3. Influenza , T.J Galiardi 17 (Beau Bennett 9) at 4:56
4. Influenza , Jordan Schroeder 6 (Iiro Pakarinen 4, Beau Bennett 10) at 17:32
Penalties :
Matt Corrente (VJB) for Tripping (Minor) at 5:38, Jesper Fast (Tex) for Hooking (Minor) at 15:23
3rd period
5. Influenza , T.J Galiardi 18 (Matt Corrente 15, Mark Olver 6) at 11:56
6. Little Stars , Jesse Joensuu 19 (Dana Tyrell 13) at 12:12
7. Influenza , T.J Galiardi 19 (Beau Bennett 11, Mark Olver 7) at 17:00
Penalties :
Andrej Sustr (Tex) for Interference (Minor) at 14:26, Dana Tyrell (Tex) for Hooking (Minor) at 17:38
Goalie Stats
Thomas McCollum (VJB), 27 saves from 29 shots - (0.931), W, 13-7-2, 60:00 minutes
Peter Delmas (Tex), 33 saves from 38 shots - (0.868), L, 3-2-0, 60:00 minutes
Players Stats for Influenza
Player Name G A P +/- PIM S H SB GA TA FO MP PP MP PK MP
------------------------------------------------------------------------------------
Alex Killorn 0 0 0 -2 0 8 4 1 0 2 3/5 21:20 3:15 1:07
Beau Bennett 0 3 3 3 0 1 2 0 0 0 0/0 15:41 2:42 0:00
Ben Smith 0 0 0 -2 0 1 1 0 0 0 2/2 17:15 0:00 0:43
Charlie Coyle 0 0 0 0 0 1 0 1 0 0 4/10 17:20 3:15 1:07
Iiro Pakarinen 0 2 2 2 0 0 0 0 0 0 0/0 7:36 0:00 0:00
Jeremy Morin 0 0 0 0 0 2 2 0 2 0 0/0 18:46 3:15 2:30
Jordan Schroeder 2 0 2 2 0 2 0 0 0 0 1/1 7:53 0:00 0:00
Lane MacDermid 0 0 0 2 0 0 2 0 0 1 0/0 7:53 0:00 0:15
Mark Olver 0 2 2 3 0 4 0 0 0 0 4/7 12:35 0:00 0:00
Mark Scheifele 0 0 0 -2 0 4 1 0 1 0 16/30 21:54 2:42 2:14
Mathieu Carle 0 1 1 2 0 5 1 4 1 2 0/0 26:32 3:03 1:55
Matt Corrente 0 1 1 2 2 2 2 0 2 1 0/0 21:08 3:03 0:53
Morgan Rielly 0 0 0 1 0 0 5 0 0 0 0/0 17:47 2:54 2:03
Oskars Bartulis 0 0 0 1 0 0 1 0 0 0 0/0 14:28 0:00 2:03
Paul Ladue 0 0 0 0 0 0 0 4 0 2 0/0 19:58 0:00 0:00
T.J Galiardi 3 0 3 3 0 6 2 0 0 0 0/0 15:41 2:42 0:00
Teuvo Teravainen 0 0 0 0 0 1 1 0 0 0 0/0 12:27 0:00 0:00
Tim Erixon 0 0 0 0 0 1 3 0 1 0 0/0 19:47 2:54 1:02
Players Stats for Little Stars
Player Name G A P +/- PIM S H SB GA TA FO MP PP MP PK MP
------------------------------------------------------------------------------------
Alexander Vasyunov 1 0 1 -1 0 8 2 0 0 0 1/2 14:01 0:00 1:26
Andrej Sustr 0 0 0 1 2 1 0 0 1 0 0/0 19:45 2:02 1:10
Brian Flynn 0 0 0 -1 0 4 2 1 1 0 8/21 21:26 1:49 3:27
Dana Tyrell 0 1 1 0 2 1 3 0 0 1 13/22 17:41 2:09 0:28
Daniel O'regan 0 0 0 -1 0 0 0 0 0 0 0/2 7:32 0:00 0:45
Jesper Fast 0 0 0 -2 2 1 2 1 0 0 0/2 17:37 1:49 0:00
Jesse Joensuu 1 1 2 0 0 7 3 0 0 0 0/0 17:53 2:09 1:04
Mathieu Perreault 0 0 0 -1 0 1 0 0 0 1 1/1 12:32 0:00 0:00
Michael Mersch 0 0 0 -1 0 0 0 0 0 0 0/0 4:24 0:00 1:15
Nail Yakupov 0 0 0 0 0 0 1 0 0 0 0/0 16:50 2:09 0:00
Niklas Hjalmarsson 0 0 0 -3 0 1 5 1 2 1 0/0 28:29 1:56 4:02
Phil Oreskovic 0 0 0 -3 0 1 0 2 0 2 0/0 28:29 1:56 4:02
Robert Klinkhammer 0 0 0 0 0 0 0 1 0 0 0/0 6:11 0:00 0:00
Scott Harrington 0 0 0 -1 0 0 0 3 0 0 0/0 12:00 0:00 0:45
Scott Kosmachuck 0 0 0 -1 0 0 0 0 0 1 0/0 12:27 0:00 0:00
Shawn Matthias 0 0 0 -1 0 3 2 3 1 1 2/5 25:12 1:49 3:29
Tyson Barrie 0 0 0 -1 0 0 0 0 1 0 0/0 11:31 0:00 0:00
Yannick Weber 0 0 0 1 0 1 0 1 2 0 0/0 20:00 2:02 1:55
3 Stars
1 - T.J Galiardi (VJB)
2 - Beau Bennett (VJB)
3 - Jordan Schroeder (VJB)
Power Play
Influenza - 0 on 3 Attempt(s) - 0.00%
Little Stars - 0 on 2 Attempt(s) - 0.00%
Penalty Kill
Influenza - 2 on 2 Attempt(s) - 100.00%
- Score 0 goal in Penalty Kill
Little Stars - 3 on 3 Attempt(s) - 100.00%
- Score 0 goal in Penalty Kill
Team Stat
Influenza - Hits : 27 - Faceoff Wins : 30 - Blocked Shots : 10 - Penalty Minutes : 4
Little Stars - Hits : 20 - Faceoff Wins : 25 - Blocked Shots : 13 - Penalty Minutes : 6
Official
Referees : Peel Tim and Watson Brad
Linesman : Mark Pare and Derek Nansen
Game Notes
T.J Galiardi has scored a Hat Trick!
Finance
Level 1 -- Attendance: 1518 (75.90%) -- Ticket Income $53,130
Level 2 -- Attendance: 721 (72.10%) -- Ticket Income $14,420
Total Attendance: 2239 (74.63%)
Total Ticket Income: $67,550
Other Income: $3,378
Total Income: $70,928
Influenza
5 vs 5 Forward
Center Left Wing Right Wing Time % Phy DF OF
1 Mark Scheifele Alex Killorn Ben Smith 40 1 2 2
2 Charlie Coyle Teuvo Teravainen Jeremy Morin 30 1 2 2
3 Mark Olver T.J Galiardi Beau Bennett 20 1 2 2
4 Jordan Schroeder Lane MacDermid Iiro Pakarinen 10 1 2 2
5 vs 5 Defense
Defense Defense Time % Phy DF OF
1 Mathieu Carle Paul Ladue 40 1 2 2
2 Tim Erixon Matt Corrente 30 1 2 2
3 Morgan Rielly Oskars Bartulis 20 1 2 2
4 Mathieu Carle Matt Corrente 10 1 2 2
PowerPlay Forward
Center Left Wing Right Wing Time % Phy DF OF
1 Charlie Coyle Alex Killorn Jeremy Morin 60 1 2 2
2 Mark Scheifele T.J Galiardi Beau Bennett 40 1 2 2
PowerPlay Defense
Defense Defense Time % Phy DF OF
1 Mathieu Carle Matt Corrente 60 1 2 2
2 Tim Erixon Morgan Rielly 40 1 2 2
Penalty Kill 4 Players Forward
Center Wing Time % Phy DF OF
1 Mark Scheifele Jeremy Morin 60 1 2 2
2 Charlie Coyle Alex Killorn 40 1 2 2
Penalty Kill 4 Players Defense
Defense Defense Time % Phy DF OF
1 Mathieu Carle Matt Corrente 60 1 2 2
2 Oskars Bartulis Morgan Rielly 40 1 2 2
Penalty Kill - 3 Players Forward
Forward Time % Phy DF OF
1 Mark Scheifele 60 1 2 2
2 Charlie Coyle 40 1 2 2
Penalty Kill - 3 Players Defense
Defense Defense Time % Phy DF OF
1 Mathieu Carle Matt Corrente 60 1 2 2
2 Oskars Bartulis Morgan Rielly 40 1 2 2
4 vs 4 Forward
Center Wing Time % Phy DF OF
1 Mark Scheifele Ben Smith 60 1 2 2
2 Charlie Coyle Alex Killorn 40 1 2 2
4 vs 4 Defense
Defense Defense Time % Phy DF OF
1 Mathieu Carle Matt Corrente 60 1 2 2
2 Oskars Bartulis Morgan Rielly 40 1 2 2
Last Minutes Offensive
Center Left Wing Right Wing Defense Defense
Mark Scheifele Alex Killorn Jeremy Morin Mathieu Carle Matt Corrente
Last Minutes Defensive
Center Left Wing Right Wing Defense Defense
Charlie Coyle Alex Killorn Jeremy Morin Mathieu Carle Matt Corrente
Goaltenders
Starting : Thomas McCollum
Backup : Tyson Sexsmith
Extra Forwards
Normal : Mark Scheifele, Beau Bennett, Alex Killorn - PP : Mark Scheifele, Beau Bennett - PK : Ben Smith
Extra Defensemen
Normal : Morgan Rielly, Tim Erixon, Matt Corrente - PP : Morgan Rielly - PK : Tim Erixon, Matt Corrente
Penalty Shots
Mark Scheifele, Jeremy Morin, T.J Galiardi, Charlie Coyle, Mark Olver
Scratches
Jacob Josefson (Healthy), Jamie Devane (Healthy), Freddie Hamilton (Healthy), Joe Morrow (Healthy), Jeff May (Healthy)
Johan Larsson (Healthy), Fredric Larsson (Healthy), Tom Kuhnhackl (Healthy), Ryan Sproul (Healthy), Josh Andrerson (Healthy)
Dmitry Sinitsyn (Healthy), Jesse Graham (Healthy), Colton Sceviour (Healthy), Nikita Gusev (Healthy), Jamie Phillips (Healthy)
Little Stars
5 vs 5 Forward
Center Left Wing Right Wing Time % Phy DF OF
1 Brian Flynn Shawn Matthias Jesper Fast 40 1 2 2
2 Dana Tyrell Jesse Joensuu Nail Yakupov 30 1 2 2
3 Mathieu Perreault Alexander Vasyunov Scott Kosmachuck 20 1 2 2
4 Daniel O'regan Robert Klinkhammer Shawn Matthias 10 1 2 2
5 vs 5 Defense
Defense Defense Time % Phy DF OF
1 Niklas Hjalmarsson Phil Oreskovic 40 1 2 2
2 Andrej Sustr Yannick Weber 30 1 2 2
3 Tyson Barrie Scott Harrington 20 1 2 2
4 Niklas Hjalmarsson Phil Oreskovic 10 1 2 2
PowerPlay Forward
Center Left Wing Right Wing Time % Phy DF OF
1 Brian Flynn Shawn Matthias Jesper Fast 60 1 2 2
2 Dana Tyrell Jesse Joensuu Nail Yakupov 40 1 2 2
PowerPlay Defense
Defense Defense Time % Phy DF OF
1 Niklas Hjalmarsson Phil Oreskovic 60 1 2 2
2 Andrej Sustr Yannick Weber 40 1 2 2
Penalty Kill 4 Players Forward
Center Wing Time % Phy DF OF
1 Shawn Matthias Brian Flynn 60 1 2 2
2 Dana Tyrell Jesse Joensuu 40 1 2 2
Penalty Kill 4 Players Defense
Defense Defense Time % Phy DF OF
1 Niklas Hjalmarsson Phil Oreskovic 60 1 2 2
2 Andrej Sustr Yannick Weber 40 1 2 2
Penalty Kill - 3 Players Forward
Forward Time % Phy DF OF
1 Shawn Matthias 60 1 2 2
2 Brian Flynn 40 1 2 2
Penalty Kill - 3 Players Defense
Defense Defense Time % Phy DF OF
1 Niklas Hjalmarsson Phil Oreskovic 60 1 2 2
2 Andrej Sustr Yannick Weber 40 1 2 2
4 vs 4 Forward
Center Wing Time % Phy DF OF
1 Shawn Matthias Brian Flynn 60 1 2 2
2 Dana Tyrell Jesse Joensuu 40 1 2 2
4 vs 4 Defense
Defense Defense Time % Phy DF OF
1 Niklas Hjalmarsson Phil Oreskovic 60 1 2 2
2 Andrej Sustr Yannick Weber 40 1 2 2
Last Minutes Offensive
Center Left Wing Right Wing Defense Defense
Brian Flynn Shawn Matthias Jesper Fast Niklas Hjalmarsson Phil Oreskovic
Last Minutes Defensive
Center Left Wing Right Wing Defense Defense
Brian Flynn Shawn Matthias Jesper Fast Niklas Hjalmarsson Phil Oreskovic
Goaltenders
Starting : Peter Delmas
Backup : Jhonas Enroth
Extra Forwards
Normal : Michael Mersch, Mathieu Perreault, Alexander Vasyunov - PP : Michael Mersch, Mathieu Perreault - PK : Alexander Vasyunov
Extra Defensemen
Normal : Tyson Barrie, Scott Harrington, Andrej Sustr - PP : Tyson Barrie - PK : Scott Harrington, Andrej Sustr
Penalty Shots
Shawn Matthias, Brian Flynn, Dana Tyrell, Jesse Joensuu, Mathieu Perreault
Scratches
Hugh Jessiman (Strained Left Knee Injury), Reece Willcox (Healthy), Ville Pokka (Healthy), Tyler Wotherspoon (Healthy), Alexander Khokhlachev (Healthy)
Anthony Camara (Healthy), Daniel Catenacci (Healthy), Duncan Siemens (Healthy), Dillon Simpson (Healthy), Laurent Brossoit (Healthy)
Anthony Stolarz (Healthy)
% Time on Ice - Influenza
Lines # - Real PCT - Wanted PCT - Time Play
Normal Forward
1 - 34% - 40% - 17:03
2 - 26% - 30% - 12:51
3 - 25% - 20% - 12:35
4 - 15% - 10% - 7:36
Normal Defense
1 - 39% - 40% - 19:40
2 - 31% - 30% - 15:46
3 - 23% - 20% - 11:36
4 - 6% - 10% - 3:03
PP Forward
1 - 55% - 60% - 3:15
2 - 45% - 40% - 2:42
PP Defense
1 - 51% - 60% - 3:03
2 - 49% - 40% - 2:54
PK Forward
1 - 72% - 60% - 2:51
2 - 28% - 40% - 1:07
PK Defense
1 - 48% - 60% - 1:55
2 - 52% - 40% - 2:03
PK3 Forward
1 - 0% - 60%
2 - 0% - 40%
PK3 Defense
1 - 0% - 60%
2 - 0% - 40%
44 Forward
1 - 0% - 60%
2 - 0% - 40%
44 Defense
1 - 0% - 60%
2 - 0% - 40%
Last Minute Offensive - 0:00
Last Minute Defensive - 0:00
Total
Forward - 60:00
Defense - 60:00
|
% Time on Ice - Little Stars
Lines # - Real PCT - Wanted PCT - Time Play
Normal Forward
1 - 33% - 40% - 16:42
2 - 29% - 30% - 14:40
3 - 25% - 20% - 12:32
4 - 12% - 10% - 6:11
Normal Defense
1 - 39% - 40% - 19:31
2 - 32% - 30% - 16:03
3 - 23% - 20% - 11:31
4 - 6% - 10% - 3:00
PP Forward
1 - 46% - 60% - 1:49
2 - 54% - 40% - 2:09
PP Defense
1 - 49% - 60% - 1:56
2 - 51% - 40% - 2:02
PK Forward
1 - 82% - 60% - 4:53
2 - 18% - 40% - 1:04
PK Defense
1 - 68% - 60% - 4:02
2 - 32% - 40% - 1:55
PK3 Forward
1 - 0% - 60%
2 - 0% - 40%
PK3 Defense
1 - 0% - 60%
2 - 0% - 40%
44 Forward
1 - 0% - 60%
2 - 0% - 40%
44 Defense
1 - 0% - 60%
2 - 0% - 40%
Last Minute Offensive - 0:00
Last Minute Defensive - 0:00
Total
Forward - 60:00
Defense - 60:00
|
Play by Play
1st period
0:01 of 1st period - Mark Scheifele wins face-off versus Brian Flynn in neutral zone.
0:51 of 1st period - Matt Corrente is hit by Alexander Vasyunov.
1:47 of 1st period - Jeremy Morin is hit by Jesse Joensuu and loses puck.
2:38 of 1st period - Jordan Schroeder is hit by Jesse Joensuu and loses puck.
2:56 of 1st period - Off-side.
2:57 of 1st period - Charlie Coyle wins face-off versus Daniel O'regan in neutral zone.
3:05 of 1st period - Off-side.
3:06 of 1st period - Dana Tyrell wins face-off versus Mark Scheifele in neutral zone.
3:09 of 1st period - Snap shot by Nail Yakupov.
3:09 of 1st period - Deflect By Dana Tyrell.
3:09 of 1st period - Shot Blocked by Paul Ladue.
3:09 of 1st period - Puck is out of play.
3:10 of 1st period - Mark Scheifele wins face-off versus Dana Tyrell in Influenza zone.
3:10 of 1st period - Mark Scheifele is hit by Niklas Hjalmarsson.
3:24 of 1st period - Matt Corrente is hit by Jesse Joensuu and loses puck.
4:10 of 1st period - Snap shot by Mathieu Perreault.
4:10 of 1st period - Stopped by Thomas McCollum without a rebound.
4:11 of 1st period - Dana Tyrell wins face-off versus Mark Scheifele in Influenza zone.
4:12 of 1st period - Wrist shot by Jesse Joensuu.
4:12 of 1st period - Shot Misses the Net.
4:16 of 1st period - Slapshot by Nail Yakupov.
4:16 of 1st period - Deflect By Jesse Joensuu.
4:16 of 1st period - Stopped by Thomas McCollum with a rebound.
4:18 of 1st period - Slapshot by Andrej Sustr.
4:18 of 1st period - Shot Misses the Net.
4:20 of 1st period - Snap shot by Jesse Joensuu.
4:20 of 1st period - Shot Blocked by Paul Ladue.
4:22 of 1st period - Slapshot by Yannick Weber.
4:22 of 1st period - Deflect By Ben Smith.
4:22 of 1st period - Stopped by Thomas McCollum with a rebound.
4:24 of 1st period - Slapshot by Andrej Sustr.
4:24 of 1st period - Stopped by Thomas McCollum with a rebound.
4:26 of 1st period - Snap shot by Dana Tyrell.
4:26 of 1st period - Shot Blocked by Mathieu Carle.
4:36 of 1st period - Charlie Coyle is hit by Shawn Matthias and loses puck.
4:55 of 1st period - Slapshot by Mathieu Carle.
4:55 of 1st period - Shot Blocked by Scott Harrington.
5:07 of 1st period - T.J Galiardi is hit by Alexander Vasyunov and loses puck.
5:31 of 1st period - Slapshot by T.J Galiardi.
5:31 of 1st period - Stopped by Peter Delmas with a rebound.
5:43 of 1st period - Slapshot by Mathieu Carle.
5:43 of 1st period - Deflect By Mark Olver.
5:43 of 1st period - Shot Blocked by Robert Klinkhammer.
5:43 of 1st period - Puck is out of play.
5:44 of 1st period - Mark Scheifele wins face-off versus Dana Tyrell in Little Stars zone.
7:44 of 1st period - Snap shot by Alex Killorn.
7:44 of 1st period - Stopped by Peter Delmas with a rebound.
7:46 of 1st period - Snap shot by Mark Scheifele.
7:46 of 1st period - Shot Misses the Net.
8:54 of 1st period - Phil Oreskovic is hit by Morgan Rielly and loses puck.
9:55 of 1st period - Snap shot by Alexander Vasyunov.
9:55 of 1st period - Goal by Alexander Vasyunov - Influenza : 0 - Little Stars : 1.
9:56 of 1st period - Dana Tyrell wins face-off versus Mark Scheifele in neutral zone.
9:59 of 1st period - Wrist shot by Nail Yakupov.
9:59 of 1st period - Shot Misses the Net.
10:52 of 1st period - Snap shot by Brian Flynn.
10:52 of 1st period - Stopped by Thomas McCollum without a rebound.
10:52 of 1st period - Minor Penalty to Thomas McCollum for Slashing.
10:53 of 1st period - Brian Flynn wins face-off versus Mark Scheifele in Influenza zone.
11:39 of 1st period - Wrist shot by Alex Killorn.
11:39 of 1st period - Stopped by Peter Delmas with a rebound.
11:41 of 1st period - Slapshot by Charlie Coyle.
11:41 of 1st period - Shot Blocked by Jesper Fast.
11:43 of 1st period - Slapshot by Matt Corrente.
11:43 of 1st period - Shot Misses the Net.
11:45 of 1st period - Slapshot by Mathieu Carle.
11:45 of 1st period - Stopped by Peter Delmas without a rebound.
11:46 of 1st period - Mark Scheifele wins face-off versus Dana Tyrell in Little Stars zone.
12:03 of 1st period - Charlie Coyle is hit by Niklas Hjalmarsson and loses puck.
12:48 of 1st period - Morgan Rielly is hit by Brian Flynn and loses puck.
12:52 of 1st period - Penalty to Paul Ladue is over, Paul Ladue is back on ice.
13:24 of 1st period - Slapshot by Matt Corrente.
13:24 of 1st period - Shot Hit the Post.
13:26 of 1st period - Snap shot by Mark Olver.
13:26 of 1st period - Stopped by Peter Delmas without a rebound.
13:27 of 1st period - Dana Tyrell wins face-off versus Mark Scheifele in Little Stars zone.
13:54 of 1st period - Tim Erixon is hit by Niklas Hjalmarsson and loses puck.
14:05 of 1st period - Snap shot by Jordan Schroeder.
14:05 of 1st period - Goal by Jordan Schroeder - Influenza : 1 - Little Stars : 1.
14:06 of 1st period - Mark Scheifele wins face-off versus Brian Flynn in neutral zone.
14:15 of 1st period - Matt Corrente is hit by Jesper Fast and loses puck.
14:47 of 1st period - Snap shot by Dana Tyrell.
14:47 of 1st period - Shot Blocked by Mathieu Carle.
15:03 of 1st period - Snap shot by Beau Bennett.
15:03 of 1st period - Stopped by Peter Delmas with a rebound.
15:43 of 1st period - Snap shot by Alex Killorn.
15:43 of 1st period - Stopped by Peter Delmas with a rebound.
16:03 of 1st period - Mathieu Perreault is hit by Teuvo Teravainen and loses puck.
16:55 of 1st period - Alexander Vasyunov is hit by Alex Killorn and loses puck.
17:23 of 1st period - Paul Ladue is hit by Nail Yakupov and loses puck.
17:50 of 1st period - Scott Kosmachuck is hit by Alex Killorn and loses puck.
18:36 of 1st period - Wrist shot by Alexander Vasyunov.
18:36 of 1st period - Stopped by Thomas McCollum with a rebound.
18:55 of 1st period - Slapshot by Mark Scheifele.
18:55 of 1st period - Shot Misses the Net.
18:57 of 1st period - Slapshot by Tim Erixon.
18:57 of 1st period - Stopped by Peter Delmas with a rebound.
18:59 of 1st period - Snap shot by Alex Killorn.
18:59 of 1st period - Stopped by Peter Delmas with a rebound.
19:07 of 1st period - Snap shot by Ben Smith.
19:07 of 1st period - Stopped by Peter Delmas with a rebound.
19:37 of 1st period - Wrist shot by Alexander Vasyunov.
19:37 of 1st period - Stopped by Thomas McCollum with a rebound.
Goals for this period are 1 for Influenza vs 1 for Little Stars.
Shots for this period are 11 for Influenza vs 8 for Little Stars.
2nd period
0:01 of 2nd period - Mark Scheifele wins face-off versus Brian Flynn in neutral zone.
0:04 of 2nd period - Wrist shot by Mathieu Carle.
0:04 of 2nd period - Shot Misses the Net.
0:37 of 2nd period - Slapshot by Dana Tyrell.
0:37 of 2nd period - Stopped by Thomas McCollum without a rebound.
0:38 of 2nd period - Dana Tyrell wins face-off versus Mark Scheifele in Influenza zone.
0:39 of 2nd period - Wrist shot by Jesse Joensuu.
0:39 of 2nd period - Stopped by Thomas McCollum without a rebound.
0:40 of 2nd period - Mark Scheifele wins face-off versus Dana Tyrell in Influenza zone.
1:32 of 2nd period - Alexander Vasyunov is hit by Mathieu Carle and loses puck.
1:41 of 2nd period - Mathieu Perreault is hit by Lane MacDermid.
2:17 of 2nd period - Slapshot by Niklas Hjalmarsson.
2:17 of 2nd period - Deflect By Shawn Matthias.
2:17 of 2nd period - Stopped by Thomas McCollum without a rebound.
2:18 of 2nd period - Mark Scheifele wins face-off versus Shawn Matthias in Influenza zone.
2:31 of 2nd period - Slapshot by Alex Killorn.
2:31 of 2nd period - Deflect By Phil Oreskovic.
2:31 of 2nd period - Shot Misses the Net.
2:31 of 2nd period - Puck is out of play.
2:32 of 2nd period - Dana Tyrell wins face-off versus Mark Scheifele in Little Stars zone.
2:59 of 2nd period - Jeremy Morin is hit by Niklas Hjalmarsson and loses puck.
3:10 of 2nd period - Snap shot by Brian Flynn.
3:10 of 2nd period - Deflect By Jeremy Morin.
3:10 of 2nd period - Shot Misses the Net.
3:10 of 2nd period - Puck is out of play.
3:11 of 2nd period - Alex Killorn wins face-off versus Jesper Fast in Influenza zone.
3:16 of 2nd period - Slapshot by Matt Corrente.
3:16 of 2nd period - Stopped by Peter Delmas with a rebound.
3:18 of 2nd period - Wrist shot by Matt Corrente.
3:18 of 2nd period - Stopped by Peter Delmas without a rebound.
3:19 of 2nd period - Mark Scheifele wins face-off versus Brian Flynn in Little Stars zone.
3:22 of 2nd period - Slapshot by Mark Scheifele.
3:22 of 2nd period - Stopped by Peter Delmas without a rebound.
3:23 of 2nd period - Mark Scheifele wins face-off versus Brian Flynn in Little Stars zone.
3:26 of 2nd period - Snap shot by Ben Smith.
3:26 of 2nd period - Shot Blocked by Brian Flynn.
3:54 of 2nd period - Slapshot by Jesse Joensuu.
3:54 of 2nd period - Stopped by Thomas McCollum with a rebound.
3:56 of 2nd period - Slapshot by Phil Oreskovic.
3:56 of 2nd period - Shot Misses the Net.
3:58 of 2nd period - Slapshot by Phil Oreskovic.
3:58 of 2nd period - Shot Blocked by Charlie Coyle.
4:00 of 2nd period - Slapshot by Phil Oreskovic.
4:00 of 2nd period - Stopped by Thomas McCollum without a rebound.
4:01 of 2nd period - Brian Flynn wins face-off versus Mark Scheifele in Influenza zone.
4:02 of 2nd period - Wrist shot by Shawn Matthias.
4:02 of 2nd period - Shot Misses the Net.
4:04 of 2nd period - Wrist shot by Brian Flynn.
4:04 of 2nd period - Stopped by Thomas McCollum with a rebound.
4:06 of 2nd period - Slapshot by Yannick Weber.
4:06 of 2nd period - Deflect By Shawn Matthias.
4:06 of 2nd period - Shot Misses the Net.
4:06 of 2nd period - Puck is out of play.
4:07 of 2nd period - Mark Scheifele wins face-off versus Brian Flynn in Influenza zone.
4:07 of 2nd period - Mark Scheifele is hit by Brian Flynn.
4:56 of 2nd period - Wrist shot by T.J Galiardi.
4:56 of 2nd period - Goal by T.J Galiardi - Influenza : 2 - Little Stars : 1.
4:57 of 2nd period - Mark Scheifele wins face-off versus Brian Flynn in neutral zone.
5:00 of 2nd period - Slapshot by Matt Corrente.
5:00 of 2nd period - Shot Blocked by Phil Oreskovic.
5:23 of 2nd period - Jesse Joensuu is hit by Matt Corrente and loses puck.
5:38 of 2nd period - Minor Penalty to Matt Corrente for Tripping.
5:39 of 2nd period - Mark Scheifele wins face-off versus Brian Flynn in Influenza zone.
6:17 of 2nd period - Icing by Dana Tyrell.
6:18 of 2nd period - Brian Flynn wins face-off versus Charlie Coyle in Little Stars zone.
7:00 of 2nd period - Oskars Bartulis is hit by Dana Tyrell.
7:38 of 2nd period - Penalty to Matt Corrente is over, Matt Corrente is back on ice.
7:40 of 2nd period - Wrist shot by Jesse Joensuu.
7:40 of 2nd period - Stopped by Thomas McCollum without a rebound.
7:41 of 2nd period - Mark Olver wins face-off versus Brian Flynn in Influenza zone.
7:48 of 2nd period - Snap shot by Brian Flynn.
7:48 of 2nd period - Stopped by Thomas McCollum without a rebound.
7:49 of 2nd period - Mark Olver wins face-off versus Brian Flynn in Influenza zone.
9:09 of 2nd period - Wrist shot by T.J Galiardi.
9:09 of 2nd period - Stopped by Peter Delmas without a rebound.
9:10 of 2nd period - Dana Tyrell wins face-off versus Mark Olver in Little Stars zone.
9:55 of 2nd period - Scott Kosmachuck is hit by Alex Killorn and loses puck.
10:10 of 2nd period - Mathieu Carle is hit by Shawn Matthias and loses puck.
10:21 of 2nd period - Wrist shot by Jeremy Morin.
10:21 of 2nd period - Shot Blocked by Scott Harrington.
10:23 of 2nd period - Snap shot by Charlie Coyle.
10:23 of 2nd period - Shot Blocked by Shawn Matthias.
10:30 of 2nd period - Icing by Shawn Matthias.
10:31 of 2nd period - Jordan Schroeder wins face-off versus Dana Tyrell in Little Stars zone.
11:22 of 2nd period - Slapshot by Ben Smith.
11:22 of 2nd period - Shot Misses the Net.
11:24 of 2nd period - Wrist shot by Mark Scheifele.
11:24 of 2nd period - Stopped by Peter Delmas without a rebound.
11:25 of 2nd period - Dana Tyrell wins face-off versus Mark Scheifele in Little Stars zone.
11:53 of 2nd period - Wrist shot by Mathieu Perreault.
11:53 of 2nd period - Shot Blocked by Paul Ladue.
11:55 of 2nd period - Wrist shot by Alexander Vasyunov.
11:55 of 2nd period - Stopped by Thomas McCollum without a rebound.
11:56 of 2nd period - Mathieu Perreault wins face-off versus Charlie Coyle in Influenza zone.
12:07 of 2nd period - Snap shot by Teuvo Teravainen.
12:07 of 2nd period - Stopped by Peter Delmas with a rebound.
12:21 of 2nd period - Phil Oreskovic is hit by Tim Erixon and loses puck.
12:47 of 2nd period - Dana Tyrell is hit by Ben Smith and loses puck.
13:02 of 2nd period - Snap shot by Iiro Pakarinen.
13:02 of 2nd period - Shot Blocked by Shawn Matthias.
13:31 of 2nd period - Alexander Vasyunov is hit by Jeremy Morin and loses puck.
14:08 of 2nd period - Wrist shot by Yannick Weber.
14:08 of 2nd period - Deflect By Alexander Vasyunov.
14:08 of 2nd period - Stopped by Thomas McCollum with a rebound.
14:26 of 2nd period - Snap shot by Alexander Vasyunov.
14:26 of 2nd period - Stopped by Thomas McCollum without a rebound.
14:27 of 2nd period - Alex Killorn wins face-off versus Brian Flynn in Influenza zone.
14:39 of 2nd period - Wrist shot by Mark Scheifele.
14:39 of 2nd period - Stopped by Peter Delmas without a rebound.
14:40 of 2nd period - Brian Flynn wins face-off versus Alex Killorn in Little Stars zone.
14:49 of 2nd period - Snap shot by Alex Killorn.
14:49 of 2nd period - Stopped by Peter Delmas without a rebound.
14:50 of 2nd period - Brian Flynn wins face-off versus Mark Scheifele in Little Stars zone.
15:01 of 2nd period - Jesper Fast is hit by Morgan Rielly.
15:05 of 2nd period - Ben Smith is hit by Jesper Fast.
15:23 of 2nd period - Minor Penalty to Jesper Fast for Hooking.
15:24 of 2nd period - Alex Killorn wins face-off versus Shawn Matthias in Little Stars zone.
15:29 of 2nd period - Snap shot by Jeremy Morin.
15:29 of 2nd period - Stopped by Peter Delmas without a rebound.
15:30 of 2nd period - Shawn Matthias wins face-off versus Charlie Coyle in Little Stars zone.
16:01 of 2nd period - Wrist shot by Alex Killorn.
16:01 of 2nd period - Shot Misses the Net.
16:03 of 2nd period - Slapshot by Mathieu Carle.
16:03 of 2nd period - Shot Misses the Net.
16:05 of 2nd period - Slapshot by Mathieu Carle.
16:05 of 2nd period - Deflect By Charlie Coyle.
16:05 of 2nd period - Shot Blocked by Shawn Matthias.
16:05 of 2nd period - Puck is out of play.
16:06 of 2nd period - Brian Flynn wins face-off versus Mark Scheifele in Little Stars zone.
16:39 of 2nd period - Tim Erixon is hit by Niklas Hjalmarsson and loses puck.
17:23 of 2nd period - Penalty to Jesper Fast is over, Jesper Fast is back on ice.
17:32 of 2nd period - Snap shot by Jordan Schroeder.
17:32 of 2nd period - Goal by Jordan Schroeder - Influenza : 3 - Little Stars : 1.
17:33 of 2nd period - Charlie Coyle wins face-off versus Brian Flynn in neutral zone.
17:36 of 2nd period - Slapshot by Mathieu Carle.
17:36 of 2nd period - Stopped by Peter Delmas with a rebound.
17:38 of 2nd period - Snap shot by Charlie Coyle.
17:38 of 2nd period - Stopped by Peter Delmas without a rebound.
17:39 of 2nd period - Brian Flynn wins face-off versus Charlie Coyle in Little Stars zone.
18:11 of 2nd period - Wrist shot by Jesse Joensuu.
18:11 of 2nd period - Stopped by Thomas McCollum without a rebound.
18:12 of 2nd period - Dana Tyrell wins face-off versus Mark Scheifele in Influenza zone.
18:43 of 2nd period - Yannick Weber is hit by Tim Erixon and loses puck.
19:00 of 2nd period - Snap shot by Beau Bennett.
19:00 of 2nd period - Shot Misses the Net.
19:02 of 2nd period - Slapshot by T.J Galiardi.
19:02 of 2nd period - Shot Blocked by Yannick Weber.
19:04 of 2nd period - Slapshot by Tim Erixon.
19:04 of 2nd period - Shot Misses the Net.
19:06 of 2nd period - Slapshot by Matt Corrente.
19:06 of 2nd period - Shot Misses the Net.
19:15 of 2nd period - Off-side.
19:16 of 2nd period - Dana Tyrell wins face-off versus Alex Killorn in neutral zone.
19:43 of 2nd period - Slapshot by Jeremy Morin.
19:43 of 2nd period - Stopped by Peter Delmas with a rebound.
Goals for this period are 2 for Influenza vs 0 for Little Stars.
Shots for this period are 14 for Influenza vs 12 for Little Stars.
3rd period
0:01 of 3rd period - Mark Scheifele wins face-off versus Brian Flynn in neutral zone.
0:55 of 3rd period - Niklas Hjalmarsson is hit by Beau Bennett and loses puck.
1:15 of 3rd period - Snap shot by Jesper Fast.
1:15 of 3rd period - Deflect By Brian Flynn.
1:15 of 3rd period - Stopped by Thomas McCollum with a rebound.
1:27 of 3rd period - Wrist shot by Mark Olver.
1:27 of 3rd period - Stopped by Peter Delmas with a rebound.
1:53 of 3rd period - Snap shot by Shawn Matthias.
1:53 of 3rd period - Stopped by Thomas McCollum with a rebound.
1:55 of 3rd period - Slapshot by Niklas Hjalmarsson.
1:55 of 3rd period - Stopped by Thomas McCollum with a rebound.
1:57 of 3rd period - Snap shot by Niklas Hjalmarsson.
1:57 of 3rd period - Shot Misses the Net.
1:59 of 3rd period - Wrist shot by Shawn Matthias.
1:59 of 3rd period - Stopped by Thomas McCollum with a rebound.
2:01 of 3rd period - Wrist shot by Shawn Matthias.
2:01 of 3rd period - Shot Blocked by Paul Ladue.
2:11 of 3rd period - Backhand shot by Jesper Fast.
2:11 of 3rd period - Shot Misses the Net.
2:13 of 3rd period - Slapshot by Niklas Hjalmarsson.
2:13 of 3rd period - Shot Misses the Net.
2:15 of 3rd period - Snap shot by Jesper Fast.
2:15 of 3rd period - Stopped by Thomas McCollum without a rebound.
2:16 of 3rd period - Ben Smith wins face-off versus Dana Tyrell in Influenza zone.
3:48 of 3rd period - Robert Klinkhammer is hit by Alex Killorn and loses puck.
4:39 of 3rd period - Alexander Vasyunov is hit by Tim Erixon and loses puck.
6:00 of 3rd period - Niklas Hjalmarsson is hit by Matt Corrente and loses puck.
8:12 of 3rd period - Yannick Weber is hit by T.J Galiardi and loses puck.
8:41 of 3rd period - Scott Kosmachuck is hit by Oskars Bartulis and loses puck.
9:47 of 3rd period - Scott Kosmachuck is hit by Morgan Rielly and loses puck.
9:56 of 3rd period - Alexander Vasyunov is hit by Lane MacDermid and loses puck.
10:16 of 3rd period - Brian Flynn is hit by Mark Scheifele and loses puck.
10:42 of 3rd period - Niklas Hjalmarsson is hit by T.J Galiardi and loses puck.
10:52 of 3rd period - Icing by Mark Olver.
10:53 of 3rd period - Mark Scheifele wins face-off versus Daniel O'regan in Influenza zone.
11:16 of 3rd period - Snap shot by Brian Flynn.
11:16 of 3rd period - Shot Misses the Net.
11:43 of 3rd period - Shawn Matthias is hit by Beau Bennett and loses puck.
11:54 of 3rd period - Snap shot by Mark Olver.
11:54 of 3rd period - Stopped by Peter Delmas with a rebound.
11:56 of 3rd period - Snap shot by Matt Corrente.
11:56 of 3rd period - Deflect By T.J Galiardi.
11:56 of 3rd period - Goal by T.J Galiardi - Influenza : 4 - Little Stars : 1.
11:57 of 3rd period - Dana Tyrell wins face-off versus Mark Scheifele in neutral zone.
12:06 of 3rd period - Snap shot by Jesse Joensuu.
12:06 of 3rd period - Shot Blocked by Mathieu Carle.
12:10 of 3rd period - Wrist shot by Jesse Joensuu.
12:10 of 3rd period - Stopped by Thomas McCollum with a rebound.
12:12 of 3rd period - Snap shot by Jesse Joensuu.
12:12 of 3rd period - Goal by Jesse Joensuu - Influenza : 4 - Little Stars : 2.
12:13 of 3rd period - Brian Flynn wins face-off versus Mark Scheifele in neutral zone.
13:00 of 3rd period - Charlie Coyle is hit by Dana Tyrell and loses puck.
13:33 of 3rd period - Snap shot by Alex Killorn.
13:33 of 3rd period - Stopped by Peter Delmas with a rebound.
13:47 of 3rd period - Snap shot by Mathieu Carle.
13:47 of 3rd period - Stopped by Peter Delmas with a rebound.
13:49 of 3rd period - Wrist shot by T.J Galiardi.
13:49 of 3rd period - Stopped by Peter Delmas without a rebound.
13:50 of 3rd period - Dana Tyrell wins face-off versus Mark Olver in Little Stars zone.
14:05 of 3rd period - Slapshot by Mark Olver.
14:05 of 3rd period - Shot Misses the Net.
14:07 of 3rd period - Wrist shot by Mark Olver.
14:07 of 3rd period - Stopped by Peter Delmas with a rebound.
14:09 of 3rd period - Snap shot by Mathieu Carle.
14:09 of 3rd period - Stopped by Peter Delmas without a rebound.
14:10 of 3rd period - Ben Smith wins face-off versus Jesper Fast in Little Stars zone.
14:26 of 3rd period - Minor Penalty to Andrej Sustr for Interference.
14:27 of 3rd period - Charlie Coyle wins face-off versus Shawn Matthias in Little Stars zone.
14:43 of 3rd period - Wrist shot by Alex Killorn.
14:43 of 3rd period - Shot Blocked by Phil Oreskovic.
15:27 of 3rd period - Wrist shot by Alexander Vasyunov.
15:27 of 3rd period - Stopped by Thomas McCollum without a rebound.
15:28 of 3rd period - Alexander Vasyunov wins face-off versus Charlie Coyle in Influenza zone.
15:29 of 3rd period - Slapshot by Yannick Weber.
15:29 of 3rd period - Shot Blocked by Mathieu Carle.
15:31 of 3rd period - Wrist shot by Alexander Vasyunov.
15:31 of 3rd period - Stopped by Thomas McCollum without a rebound.
15:32 of 3rd period - Charlie Coyle wins face-off versus Alexander Vasyunov in Influenza zone.
15:37 of 3rd period - Slapshot by Alex Killorn.
15:37 of 3rd period - Shot Blocked by Scott Harrington.
15:53 of 3rd period - Scott Harrington is hit by Jeremy Morin and loses puck.
16:20 of 3rd period - Slapshot by Mathieu Carle.
16:20 of 3rd period - Stopped by Peter Delmas with a rebound.
16:22 of 3rd period - Slapshot by Matt Corrente.
16:22 of 3rd period - Shot Misses the Net.
16:26 of 3rd period - Penalty to Andrej Sustr is over, Andrej Sustr is back on ice.
16:46 of 3rd period - Slapshot by Niklas Hjalmarsson.
16:46 of 3rd period - Shot Blocked by Alex Killorn.
16:54 of 3rd period - Snap shot by Alex Killorn.
16:54 of 3rd period - Stopped by Peter Delmas with a rebound.
16:56 of 3rd period - Wrist shot by Alex Killorn.
16:56 of 3rd period - Stopped by Peter Delmas without a rebound.
16:57 of 3rd period - Mark Olver wins face-off versus Dana Tyrell in Little Stars zone.
17:00 of 3rd period - Slapshot by Beau Bennett.
17:00 of 3rd period - Deflect By T.J Galiardi.
17:00 of 3rd period - Goal by T.J Galiardi - Influenza : 5 - Little Stars : 2.
17:01 of 3rd period - Mark Olver wins face-off versus Dana Tyrell in neutral zone.
17:09 of 3rd period - Icing by Niklas Hjalmarsson.
17:10 of 3rd period - Dana Tyrell wins face-off versus Mark Olver in Little Stars zone.
17:10 of 3rd period - Dana Tyrell is hit by Morgan Rielly.
17:21 of 3rd period - Icing by Nail Yakupov.
17:22 of 3rd period - Mark Scheifele wins face-off versus Dana Tyrell in Little Stars zone.
17:38 of 3rd period - Minor Penalty to Dana Tyrell for Hooking.
17:39 of 3rd period - Shawn Matthias wins face-off versus Charlie Coyle in Little Stars zone.
17:53 of 3rd period - Snap shot by Charlie Coyle.
17:53 of 3rd period - Shot Misses the Net.
18:27 of 3rd period - Andrej Sustr is hit by Morgan Rielly.
19:32 of 3rd period - Snap shot by Beau Bennett.
19:32 of 3rd period - Shot Blocked by Niklas Hjalmarsson.
19:34 of 3rd period - Snap shot by Mark Scheifele.
19:34 of 3rd period - Stopped by Peter Delmas with a rebound.
19:38 of 3rd period - Penalty to Dana Tyrell is over, Dana Tyrell is back on ice.
19:46 of 3rd period - Morgan Rielly is hit by Dana Tyrell and loses puck.
Goals for this period are 2 for Influenza vs 1 for Little Stars.
Shots for this period are 13 for Influenza vs 9 for Little Stars.
Back to the Top